 Dungeon Crawl Stone Soup version 0.17-a0-1880-gacf7e67 (webtiles) character file.

450 shakdrar the Cudgeler (level 7, -2/44 HPs)
             Began as a Gargoyle Fighter on Sept 21, 2015.
             Was an Initiate of Ashenzari.
             Slain by Menkaure (9 damage)
             ... on level 4 of the Dungeon.
             The game lasted 00:12:54 (3600 turns).

shakdrar the Cudgeler (Gargoyle Fighter)            Turns: 3600, Time: 00:12:54

Health: -2/44      AC: 16    Str: 21    XL:     7   Next: 4%
Magic:  7/7        EV:  7    Int:  9    God:    Ashenzari [......]
Gold:   262        SH:  9    Dex:  9    Spells: 0 memorised, 6 levels left

rFire  . . .     SeeInvis .     a - +0 flail
rCold  . . .     Clarity  .     b - +0 scale mail
rNeg   + . .     SustAt   .     c - +0 shield
rPois  ∞         Gourm    .     (no helmet)
rElec  +         Spirit   .     (no cloak)
rCorr  .         Warding  .     (no gloves)
rMut   .         Stasis   .     n - +0 pair of boots
MR     .....                    (no amulet)
Stlth  ..........               (no ring)
                                v - +3 ring of protection

@: not resistant to hostile enchantments, extremely unstealthy
A: negative energy resistance 1, electricity resistance, unbreathing,
petrification resistance, rot immunity, AC +4
a: Renounce Religion


You were on level 4 of the Dungeon.
You worshipped Ashenzari.
Ashenzari was noncommittal.
You were not hungry.

You visited 1 branch of the dungeon, and saw 4 of its levels.

You collected 262 gold pieces.

Inventory:

Hand weapons
 a - a +0 flail (weapon)
Armour
 b - a +0 scale mail (worn)
 c - a +0 shield (worn)
 n - a +0 pair of boots (worn)
Jewellery
 v - a +3 ring of protection (left hand)
Magical devices
 y - a wand of cold (8)
 A - a wand of draining (4)
Scrolls
 g - a scroll of teleportation {unknown}
 k - a scroll of enchant armour {unknown}
 m - a scroll of fear {unknown}
 o - a scroll of enchant weapon {unknown}
 q - 2 scrolls of identify {unknown}
 w - a scroll of magic mapping {unknown}
Potions
 d - a potion of might
 h - 3 potions of flight {unknown}
 i - a potion of brilliance {unknown}
 j - a potion of degeneration {unknown}
 l - a potion of cure mutation {unknown}
 p - a potion of cancellation {unknown}
 t - 2 potions of invisibility {unknown}
 u - a potion of curing {unknown}
 x - a potion of beneficial mutation {unknown}
 B - a potion of lignification {unknown}
Comestibles
 e - 3 bread rations
 f - 3 meat rations
 r - 2 royal jellies
 s - a slice of pizza
 z - a chunk of flesh


   Skills:
 + Level 4.8 Fighting
 * Level 4.9 Maces & Flails
 + Level 4.6 Armour
 + Level 4.7 Shields


You had 6 spell levels left.
You didn't know any spells.

Dungeon Overview and Level Annotations

Branches:
Dungeon (4/15)
 Temple: D:4-7

Altars:
Ashenzari
Gozag
Makhleb
Vehumet
Yredelemnul

Shops:
D:4 *

Annotations:
D:4 Menkaure


Innate Abilities, Weirdness & Mutations

You are resistant to torment.
Your stone body is resilient (AC +4).
You are immune to poison.
You resist negative energy.
You are resistant to electric shocks.
You can survive without breathing.
You are immune to petrification.
You are immune to rotting.


Message History

Menkaure is almost destroyed.
Menkaure hits you but does no damage. Menkaure breathes soot at you.
You block Menkaure's attack.
You hit Menkaure but do no damage.
Menkaure is almost destroyed.
Menkaure hits you.
Your shield and scale mail prevent you from hitting Menkaure.
Menkaure is almost destroyed.
You block Menkaure's attack. Menkaure hits you!
* * * LOW HITPOINT WARNING * * *
You hit Menkaure.
Menkaure is almost destroyed.
Menkaure points at you and mumbles some strange words.
Pain shoots through your body!
* * * LOW HITPOINT WARNING * * *
Your shield and scale mail prevent you from hitting Menkaure.
Menkaure is almost destroyed.
Menkaure hits you!
You die...

### ###### ... #..... #.###
#.#### #...###########.# ###
###.............# #..
#.M@############# #.# #.### #...#
#.# .. #.#.# #.# ## ### #.#.# #.#
##.###.#.###### #######.#####
##...##.#....... ............#
##.....#.#######.
.######.###.#####......).........
.######................##########


You could see Menkaure.

Vanquished Creatures
  Blork the orc (D:4)
  2 hounds (D:4)
  A jelly (D:4)
  Ijyb (D:2)
  An orc wizard (D:4)
  2 worker ants (D:4)
  2 iguanas (D:4)
  3 adders
  4 oozes
  A worm (D:2)
  2 giant geckos
  6 orcs (D:4)
  9 bats
  A giant cockroach (D:2)
  10 goblins
  4 hobgoblins
  9 kobolds
  3 quokkas
  A giant newt (D:4)
  42 rats
105 creatures vanquished.

Notes
Turn   | Place    | Note
--------------------------------------------------------------
     0 | D:1      | shakdrar the Gargoyle Fighter began the quest for the Orb.
     0 | D:1      | Reached XP level 1. HP: 14/14 MP: 1/1
   269 | D:1      | Reached XP level 2. HP: 13/19 MP: 2/2
   843 | D:1      | Reached XP level 3. HP: 20/23 MP: 3/3
  1316 | D:2      | Reached XP level 4. HP: 29/29 MP: 4/4
  1516 | D:2      | Noticed Ijyb
  1524 | D:2      | Killed Ijyb
  1524 | D:2      | Reached skill level 4 in Fighting
  1670 | D:2      | Found a burning altar of Makhleb.
  1671 | D:2      | Found a radiant altar of Vehumet.
  1874 | D:3      | Reached XP level 5. HP: 30/33 MP: 5/5
  2235 | D:3      | Found a shattered altar of Ashenzari.
  2237 | D:3      | Found a basalt altar of Yredelemnul.
  2243 | D:3      | Became a worshipper of Ashenzari the Shackled
  2653 | D:4      | Found Wekuol's Assorted Antiques.
  2703 | D:4      | Noticed Blork the orc
  2801 | D:4      | Killed Blork the orc
  2878 | D:4      | Reached XP level 6. HP: 35/39 MP: 6/6
  3099 | D:4      | Found an opulent altar of Gozag.
  3487 | D:4      | Reached XP level 7. HP: 35/44 MP: 7/7
  3588 | D:4      | Noticed Menkaure
  3600 | D:4      | Slain by Menkaure

Vault maps used:
D:1:      dpeg_arrival_castle
D:2:      gammafunk_temple_overflow_statue, uniq_iyjb
D:3:      grunt_temple_overflow_open, dk_noncrumbling_4,
          minmay_rats_cheesy_pizza
D:4:      serial_shops, shop_coins, first_bread, grunt_gozag_statues,
          uniq_menkaure, uniq_blork_the_orc

Action                   |  1- 3 |  4- 6 |  7- 9 || total
-------------------------+-------+-------+-------++-------
Melee: Flail             |   118 |   286 |    17 ||   421
  Use: Scroll            |     1 |       |       ||     1
  Eat: Chunk             |     1 |     7 |       ||     8
       Pizza             |       |     1 |       ||     1
